 Dungeon Crawl Stone Soup version 0.32-a0-918-g0f22ef8d61 (webtiles) character file.

Game seed: 17124482026317148506

46 trashops the Trooper (level 3, -2/33 HPs)
             Began as a Mountain Dwarf Fighter on Apr 11, 2024.
             Slain by Crazy Yiuf
             ... wielding a +4 quarterstaff of chaos
              (8 damage)
             ... on level 2 of the Dungeon.
             The game lasted 00:02:18 (966 turns).

trashops the Trooper (Mountain Dwarf Fighter)        Turns: 966, Time: 00:02:18

Health: -2/33      AC:  8    Str: 20    XL:     3   Next: 44%
Magic:  3/3        EV:  8    Int:  8    God:
Gold:   43         SH:  4    Dex:  9    Spells: 2/2 levels left

rFire   . . .        a - +0 war axe
rCold   . . .        c - +0 buckler
rNeg    . . .        b - +0 scale mail
rPois   +            (no helmet)
rElec   .            (no cloak)
rCorr   .            (no gloves)
SInv    .            g - +0 pair of boots
Will    .....        (no amulet) Stlth
                     f - ring of poison resistance
HPRegen 0.25/turn    (no ring)
MPRegen 0.08/turn

%: no passive effects
@: hasted, very quick
A: runic magic, artefact enchanting
a: no special abilities


You were on level 2 of the Dungeon.
You visited 1 branch of the dungeon, and saw 2 of its levels.

You collected 43 gold pieces.

Inventory:

Hand Weapons
 a - a +0 war axe (weapon)
Armour
 b - a +0 scale mail (worn)
 c - a +0 buckler (worn)
 g - a +0 pair of boots (worn)
Jewellery
 f - a ring of poison resistance (left hand)
 j - an amulet of the acrobat
Scrolls
 e - a scroll of enchant armour {unknown}
 i - a scroll of identify {unknown}
Potions
 d - 2 potions of might
 h - a potion of ambrosia {unknown}
 k - a potion of magic {unknown}


   Skills:
 * Level 3.7 Fighting
 * Level 3.3 Axes
 * Level 3.6 Armour
 * Level 3.7 Shields


You had 2 spell levels left.
You didn't know any spells.
Your spell library was empty.

Dungeon Overview and Level Annotations

Branches:
Dungeon (2/15)

Altars:

Annotations:
D:2 Crazy Yiuf


Innate Abilities, Weirdness & Mutations

Your spellcasting is much less encumbered by armour.
You can use scrolls of enchantment on lesser artefacts.


Message History

The rat completely misses you.
You closely miss the rat. The rat barely misses you.
You block the rat's attack.
You hit the rat.
You kill the rat!
No target in view!
A dart slug comes into view.
A dart slug is nearby!
The dart slug launches a dart at you.
The slug dart hits you but does no damage.
Found a hammer.
You slash the dart slug!
You kill the dart slug!
No target in view!
No target in view!
Found a hammer.
You see here a +0 hammer of draining.
Found six hammers and a runed hammer.
Found a runed translucent door.
You see here a +0 hammer.
Found a hammer.
You see here a +0 hammer.
You see here a +0 hammer.
Found three hammers.
You see here a +0 hammer.
You open the door. You closely miss Crazy Yiuf.
Crazy Yiuf laughs, "Goldfish action alas!"
Crazy Yiuf barely misses you.
Crazy Yiuf says, "Millenium!
East fast turtle."
Crazy Yiuf hits you with a +4 quarterstaff of chaos!
Ouch! That really hurt!
You slash Crazy Yiuf!
Crazy Yiuf is moderately wounded.
Crazy Yiuf hits you with a +4 quarterstaff of chaos!
* * * LOW HITPOINT WARNING * * *
You feel yourself speed up.
You slash Crazy Yiuf!
Crazy Yiuf is severely wounded.
Crazy Yiuf hits you with a +4 quarterstaff of chaos!
You die...

#.........#
#.........#
#.........#
####......# #......###
### ####### #.........
..# ###..)#)### ###
#..†...... ..#
##.....)#))##)))#
#####.<...
..####......####@g)).#
#..... ........#..##
###)))# #.....
........#### ###
##.### ........# #.#
...†....# .....
........####### ...###
.............[# ####
..............#
..............#


You could see Crazy Yiuf.

Vanquished Creatures
  2 dart slugs (D:2)
  4 ball pythons (D:1)
  5 bats (D:1)
  4 endoplasms
  2 giant cockroaches
  4 goblins (D:1)
  4 hobgoblins (D:1)
  2 jackals (D:2)
  2 quokkas (D:1)
  4 frilled lizards
  3 kobolds (D:1)
  4 rats (D:2)
40 creatures vanquished.

Notes
Turn   | Place    | Note
-------+----------+-------------------------------------------
     0 | D:1      | trashops the Mountain Dwarf Fighter began the quest for the
                  | Orb.
     0 | D:1      | Reached XP level 1. HP: 19/19 MP: 1/1
   102 | D:1      | Reached XP level 2. HP: 25/26 MP: 2/2
   353 | D:1      | Found a faded altar of an unknown god.
   528 | D:1      | Reached XP level 3. HP: 33/33 MP: 3/3
   959 | D:2      | Found a runed translucent door.
   960 | D:2      | Noticed Crazy Yiuf
   966 | D:2      | Slain by Crazy Yiuf

Illustrated notes

Levels and vault maps discovered:
D:1:      dpeg_arrival_shelter, layout_loops_ring,
          shapermc_ecumenical_altar_venn
D:2:      layout_basic, serial_shops, nicolae_shop_rolling_square,
          chequers_serial_rivers_micro_e, uniq_crazy_yiuf_cottage

Skill      XL: |  1  2 |
---------------+-------+-----
Axes           | 3 |  3.3
Fighting       | |  3.7
Armour         | |  3.6
Shields        | |  3.7

Action                     || total
---------------------------++-------
  Melee: War axe           ||   101
 Armour: Scale mail        ||    95
  Dodge: Dodged            ||    50
  Block: Buckler           ||    23

Table legend: (Time is in decaauts)
 A = Elapsed time spent in this place.
 B = Non-inter-level travel time spent in this place.
 C = Inter-level travel time spent in this place.
 D = Time resting spent in this place.
 E = Time spent auto-exploring this place.
 F = Levels seen in this place.
 G = Mean time per level.
                   A        B        C        D        E       F      G
               +--------+--------+--------+--------+--------+-----+--------+
         Total |   1005 |    995 |     10 |     51 |    661 |   2 |  502.5 |
       Dungeon |   1005 |    995 |     10 |     51 |    661 |   2 |  502.5 |
               +--------+--------+--------+--------+--------+-----+--------+

Top non-repeatable levels by time:
     D:1: 740 daAuts
     D:2: 265 daAuts
